 Dungeon Crawl Stone Soup version 0.32-a0-171-g4625e66871 (webtiles) character file.

Game seed: 15597471400278585901

322 Eptagon the Covert (level 6, -1/53 HPs)
             Began as a Gnoll Delver on Feb 12, 2024.
             Was a Follower of Okawaru.
             Slain by a hobgoblin (2 damage)
             ... led by Robin
             ... on level 4 of the Dungeon.
             The game lasted 00:05:18 (3012 turns).

Eptagon the Covert (Gnoll Delver)                   Turns: 3012, Time: 00:05:19

Health: -1/53      AC:  8    Str: 13    XL:     6   Next: 47%
Magic:  9/9        EV:  7    Int:  8    God:    Okawaru [*.....]
Gold:   214        SH:  0    Dex: 11    Spells: 9/9 levels left

rFire   . . .        a - +0 hand axe
rCold   + . .        (no shield)
rNeg    + . .        x - +0 chain mail
rPois   .            (no helmet)
rElec   .            (no cloak)
rCorr   .            (no gloves)
SInv    .            (no boots)
Will    .....        (no amulet)
Stlth   +            q - ring of protection from cold
HPRegen 0.28/turn    r - ring of positive energy
MPRegen 0.11/turn

%: no passive effects
@: brilliant
A: fangs 1, strong nose, distributed training, clumsy 1, dopey 1, wild magic 1
a: Renounce Religion, Heroism


You were on level 4 of the Dungeon.
You worshipped Okawaru.
Okawaru was aware of your devotion.
You visited 1 branch of the dungeon, and saw 5 of its levels.

You collected 214 gold pieces.

Inventory:

Hand Weapons
 a - a +0 hand axe (weapon)
Armour
 x - a +0 chain mail (worn)
Jewellery
 q - a ring of protection from cold (left hand)
 r - a ring of positive energy (right hand)
 y - a ring of ice
Wands
 g - a wand of digging (3)
Scrolls
 b - 2 scrolls of brand weapon {unknown}
 c - 2 scrolls of fog
 d - a scroll of revelation
 e - a scroll of fear
 h - a scroll of butterflies {unknown}
 i - a scroll of immolation {unknown}
 j - 3 scrolls of teleportation {unknown}
 k - 2 scrolls of identify {unknown}
 l - a scroll of enchant armour {unknown}
 n - 2 scrolls of noise {unknown}
 s - a scroll of blinking {unknown}
 u - a scroll of torment {unknown}
 v - a scroll of poison {unknown}
Potions
 f - a potion of haste
 o - a potion of ambrosia {unknown}
 p - a potion of curing {unknown}
 t - a potion of lignification {unknown}
 w - a potion of attraction {unknown}
 z - a potion of heal wounds {unknown}
 A - a potion of mutation


   Skills:
 + Level 6.8 Fighting
 + Level 2.0 Short Blades
 + Level 2.0 Long Blades
 + Level 5.0 Axes
 + Level 2.0 Maces & Flails
 + Level 2.0 Polearms
 + Level 2.0 Staves
 + Level 2.0 Ranged Weapons
 + Level 2.0 Throwing
 + Level 2.0 Armour
 + Level 5.0 Dodging
 + Level 9.8 Stealth
 + Level 2.0 Shields
 + Level 2.0 Unarmed Combat
 + Level 2.0 Spellcasting
 + Level 1.6 Conjurations
 + Level 1.6 Hexes
 + Level 1.6 Summonings
 + Level 1.6 Necromancy
 + Level 1.6 Translocations
 + Level 1.6 Fire Magic
 + Level 1.6 Ice Magic
 + Level 1.6 Air Magic
 + Level 1.6 Earth Magic
 + Level 1.6 Alchemy
 + Level 2.2 Invocations
 + Level 2.0 Evocations
 + Level 1.8 Shapeshifting


You had 9 spell levels left.
You didn't know any spells.
Your spell library was empty.

Dungeon Overview and Level Annotations

Branches:
Dungeon (5/15)
 Temple: D:4-7

Altars:
Elyvilon
Makhleb
Okawaru
Uskayaw
Vehumet

Shops:
D:3 :

Annotations:
D:4 Menkaure, Robin


Innate Abilities, Weirdness & Mutations

You have very sharp teeth.
Your uncanny sense of smell can sniff out nearby items.
Your experience applies equally to all skills.
You are clumsy. (Dex -2)
You are dopey. (Int -2)
Your spells are a little harder to cast, but a little more powerful.


Message History

You kill the jackal!
Okawaru accepts your kill. The gnoll hits you with a +0 spear.
The goblin hits you but does no damage.
You slash the goblin!
You kill the goblin!
Okawaru accepts your kill.
You closely miss the orc. You hit the gnoll.
The gnoll hits you with a +0 spear.
* * * LOW HITPOINT WARNING * * *
The orc hits you with a +0 club.
* * * LOW HITPOINT WARNING * * *
You slash the goblin!
You kill the goblin!
Okawaru accepts your kill.
You hit the gnoll.
You kill the gnoll!
Okawaru accepts your kill.
You barely miss the orc. The orc completely misses you.
Okay, then.
You hit the goblin.
You kill the goblin!
Okawaru accepts your kill.
You hit the orc but do no damage. The orc hits you with a +0 club.
* * * LOW HITPOINT WARNING * * *
You closely miss the hobgoblin. You hit the orc.
The orc hits you with a +0 club.
* * * LOW HITPOINT WARNING * * *
The hobgoblin hits you but does no damage.
It was a potion of mutation.
You feel extremely strange.
You feel clumsy.
You feel stupid.
You feel less in control of your magic. The orc hits you with a +0 club.
* * * LOW HITPOINT WARNING * * *
The hobgoblin closely misses you.
It was a potion of brilliance.
You feel clever all of a sudden. The gnoll hits you with a +0 club.
* * * LOW HITPOINT WARNING * * *
A goblin comes into view. It is wielding a +0 club.
The orc barely misses you. The hobgoblin hits you.
You die...

≈≈≈≈≈≈≈≈≈≈≈≈≈~ ..
g~~≈~~≈~~~~~≈~~~~~~
..!............)......
..#.#..<..####.######
...#.# #.# #.# ##.#.#
#.# #.#
###.gh.###.####.#
#...ogg.........#
#.#.†@).##.######
.......#)))..#
###.#.....#### #
##.##)# ... ..#
###.#### #. #.


You could see a gnoll, an orc, a jackal, a hobgoblin and 2 goblins.

Vanquished Creatures
  A scorpion (D:4)
  A howler monkey (D:4)
  2 hounds (D:4)
  A jelly (D:4)
  2 gnolls (D:4)
  2 adders
  3 ribbon worms (D:2)
  A dart slug (D:1)
  2 orcs
  5 endoplasms
  2 giant cockroaches
  15 goblins
  6 hobgoblins
  14 jackals
  7 kobolds
  3 quokkas
  6 ball pythons
  3 bats
  13 frilled lizards
  3 rats
92 creatures vanquished.

Notes
Turn   | Place    | Note
-------+----------+-------------------------------------------
     0 | D:5      | Reached skill level 9 in Stealth
     0 | D:5      | Eptagon the Gnoll Delver began the quest for the Orb.
     0 | D:5      | Reached XP level 1. HP: 23/23 MP: 1/1
    52 | D:5      | Reached XP level 2. HP: 25/29 MP: 2/2
   119 | D:4      | Found a radiant altar of Vehumet.
   119 | D:4      | Found an iron altar of Okawaru.
   122 | D:4      | Found a white marble altar of Elyvilon.
   127 | D:4      | Became a worshipper of Warmaster Okawaru
   237 | D:4      | Found a burning altar of Makhleb.
   248 | D:4      | Reached skill level 1 in Invocations
   248 | D:4      | Reached XP level 3. HP: 24/35 MP: 2/4
   316 | D:4      | Reached skill level 1 in Short Blades
   316 | D:4      | Reached skill level 1 in Long Blades
   316 | D:4      | Reached skill level 1 in Maces & Flails
   316 | D:4      | Reached skill level 1 in Polearms
   316 | D:4      | Reached skill level 1 in Staves
   316 | D:4      | Reached skill level 1 in Ranged Weapons
   316 | D:4      | Reached skill level 1 in Throwing
   316 | D:4      | Reached skill level 1 in Armour
   316 | D:4      | Reached skill level 1 in Shields
   316 | D:4      | Reached skill level 1 in Unarmed Combat
   316 | D:4      | Reached skill level 1 in Spellcasting
   316 | D:4      | Reached skill level 1 in Evocations
   316 | D:4      | Reached skill level 1 in Shapeshifting
   316 | D:4      | Reached XP level 4. HP: 15/41 MP: 5/5
   427 | D:4      | Noticed Menkaure
   528 | D:4      | Reached * piety under Okawaru
   529 | D:4      | Reached skill level 1 in Conjurations
   529 | D:4      | Reached skill level 1 in Hexes
   529 | D:4      | Reached skill level 1 in Summonings
   529 | D:4      | Reached skill level 1 in Necromancy
   529 | D:4      | Reached skill level 1 in Translocations
   529 | D:4      | Reached skill level 1 in Fire Magic
   529 | D:4      | Reached skill level 1 in Ice Magic
   529 | D:4      | Reached skill level 1 in Air Magic
   529 | D:4      | Reached skill level 1 in Earth Magic
   529 | D:4      | Reached skill level 1 in Alchemy
   740 | D:2      | Reached XP level 5. HP: 47/47 MP: 7/7
  1889 | D:3      | Found a hide-covered altar of Uskayaw.
  1982 | D:3      | Found Xaek's Book Shop.
  2136 | D:3      | Identified the +1 spear of Yzielab {freeze, rPois Stlth+}
  2532 | D:4      | Reached XP level 6. HP: 31/53 MP: 8/8
  2815 | D:4      | Reached skill level 5 in Axes
  2815 | D:4      | Reached skill level 5 in Dodging
  2974 | D:4      | Noticed Robin
  3011 | D:4      | Gained mutation: You are clumsy. (Dex -2) [potion of
                  | mutation]
  3011 | D:4      | Gained mutation: You are dopey. (Int -2) [potion of
                  | mutation]
  3011 | D:4      | Gained mutation: Your spells are a little harder to cast,
                  | but a little more powerful. [potion of mutation]
  3011 | D:4      | HP: 2/53 [orc/+0 club (3)]
  3012 | D:4      | Slain by a hobgoblin

Illustrated notes

Levels and vault maps discovered:
D:1:      lemuel_arrival_broad_hall, layout_rooms, minmay_lizard_pond
D:2:      layout_loops_ring, chequers_serial_rivers_micro_d
D:3:      layout_basic, eat_drink_and_be_merry_uskayaw, serial_shops,
          nicolae_shop_pleasant_corner_grove, corner_web_ring
D:4:      lemuel_castle_with_subvaults [lemuel_castle_interior_carwin_3],
          layout_loops_corners, nicolae_overflow_hidden_temple,
          makhleb_heckhound_becter, dreamdust_princess_bridge, uniq_menkaure,
          uniq_duvessa, uniq_robin, uniq_crazy_yiuf_cottage
D:5:      layout_loops_corners

Skill      XL: |  1  2  3  4  5  6 |
---------------+-------------------+-----
Stealth        | |  9.8
Invocations    | 1 2 |  2.2
Short Blades   | 1 2 |  2.0
Long Blades    | 1 2 |  2.0
Maces & Flails | 1 2 |  2.0
Polearms       | 1 2 |  2.0
Staves         | 1 2 |  2.0
Ranged Weapons | 1 2 |  2.0
Throwing       | 1 2 |  2.0
Armour         | 1 2 |  2.0
Shields        | 1 2 |  2.0
Unarmed Combat | 1 2 |  2.0
Spellcasting   | 1 2 |  2.0
Evocations     | 1 2 |  2.0
Shapeshifting  | 1 |  1.8
Conjurations   | 1 |  1.6
Hexes          | 1 |  1.6
Summonings     | 1 |  1.6
Necromancy     | 1 |  1.6
Translocations | 1 |  1.6
Fire Magic     | 1 |  1.6
Ice Magic      | 1 |  1.6
Air Magic      | 1 |  1.6
Earth Magic    | 1 |  1.6
Alchemy        | 1 |  1.6
Axes           | 5 |  5.0
Dodging        | 5 |  5.0
Fighting       | |  6.8

Action                     |  1- 3 |  4- 6 || total
---------------------------+-------+-------++-------
  Melee: Hand axe          |    22 |   247 ||   269
         Bite              |     1 |    31 ||    32
    Use: Potion            |       |     2 ||     2
   Stab: Sleeping          |     3 |    15 ||    18
         Distracted        |       |     1 ||     1
 Armour: Leather armour    |     9 |     1 ||    10
         Ring mail         |       |    63 ||    63
         Chain mail        |       |   145 ||   145
  Dodge: Dodged            |    16 |   139 ||   155

Table legend: (Time is in decaauts)
 A = Elapsed time spent in this place.
 B = Non-inter-level travel time spent in this place.
 C = Inter-level travel time spent in this place.
 D = Time resting spent in this place.
 E = Time spent auto-exploring this place.
 F = Levels seen in this place.
 G = Mean time per level.
                   A        B        C        D        E       F      G
               +--------+--------+--------+--------+--------+-----+--------+
         Total |   3031 |   2938 |     93 |      5 |   2198 |   5 |  606.2 |
       Dungeon |   3031 |   2938 |     93 |      5 |   2198 |   5 |  606.2 |
               +--------+--------+--------+--------+--------+-----+--------+

Top non-repeatable levels by time:
     D:4: 895 daAuts
     D:3: 759 daAuts
     D:2: 747 daAuts
     D:1: 489 daAuts
     D:5: 140 daAuts
